 Dungeon Crawl Stone Soup version 0.30-a0-292-g0f741e3f8e (webtiles) character file.

Game seed: 7108808586518804165

2955 ryw the Martial Artist (level 9, -1/72 HPs)
             Began as a Demonspawn Monk on Oct 17, 2022.
             Killed from afar by an electric eel (11 damage)
             ... with a bolt of electricity
             ... on level 7 of the Dungeon.
             The game lasted 00:20:04 (6337 turns).

ryw the Martial Artist (Demonspawn Monk)            Turns: 6337, Time: 00:20:05

Health: -1/72      AC:  7    Str: 14    XL:     9   Next: 52%
Magic:  9/9        EV: 14    Int:  9    God:
Gold:   1595       SH:  8    Dex: 20    Spells: 8/8 levels left

rFire   + + +      SeeInvis .      - Unarmed
rCold   + . .      Faith    .    (no shield)
rNeg    . . .      Spirit   .    b - +0 leather armour of the Cockroach {rF+++ rC+ Int-3 Dex+3}
rPois   +          Reflect  .    (helmet restricted)
rElec   .          Harm     .    (no cloak)
rCorr   .          Rampage  .    (no gloves)
Will    .....                    (no boots)
Stlth   ++........               (no amulet)
HPRegen 0.32/turn                o - +4 ring of protection
MPRegen 0.11/turn                (no ring)

@: unable to drink
A: claws 2, hooves 1, horns 1, condensation shield, large bone plates 1, poison
resistance, inability to drink after injury 1
a: no special abilities


You were on level 7 of the Dungeon.
You visited 2 branches of the dungeon, and saw 11 of its levels.

You collected 1595 gold pieces.

Inventory:

Missiles
 m - 2 throwing nets
 n - 7 boomerangs (quivered)
Armour
 b - the +0 leather armour of the Cockroach (worn) {rF+++ rC+ Int-3 Dex+3}
   (You found it on level 8 of the Dungeon)

   Int:       It affects your intelligence (-3).
   Dex:       It affects your dexterity (+3).
   rF:        It renders you almost immune to fire.
   rC:        It protects you from cold.
 q - a +2 leather armour of willpower
Jewellery
 d - a ring of wizardry
 o - a +4 ring of protection (left claw)
Wands
 a - a wand of mindburst (3)
Scrolls
 i - 2 scrolls of amnesia
 j - 2 scrolls of teleportation
 p - a scroll of silence
Potions
 c - 2 potions of heal wounds
 e - a potion of cancellation
 f - 4 potions of curing
 g - a potion of brilliance
 h - a potion of lignification
 k - a potion of berserk rage
 l - a potion of might


   Skills:
 + Level 7.1 Fighting
 - Level 3.0 Throwing
 + Level 4.5 Dodging
 - Level 1.7 Stealth
 * Level 9.9 Unarmed Combat


You had 8 spell levels left.
You didn't know any spells.
Your spell library contained the following spells:

 Spells                   Type           Power      Damage    Failure   Level
 Blink                    Tloc           0%         N/A       61%         2
 Momentum Strike          Conj/Tloc      0%         3d8       61%         2
 Lesser Beckoning         Tloc           0%         N/A       83%         3


Dungeon Overview and Level Annotations

Branches:
Dungeon (10/15)            Temple (1/1) D:4
   Lair: D:8-11         Orc: D:9-12

Altars:
Dithmenos
Fedhas
Gozag
Kikubaaqudgha
Makhleb
Nemelex Xobeh
Okawaru
Qazlal
Ru
Trog
Vehumet
Xom
Yredelemnul

Shops:
D:7 ![*   D:9 (


Innate Abilities, Weirdness & Mutations

You have very sharp fingernails.
You have large cloven feet.
You have a pair of small horns on your head.
A meltable shield of frost defends you. (SH +4)
You are partially covered in large bone plates. (SH +4)
Your system is resistant to poisons. (rPois)
You occasionally lose the ability to drink potions when taking damage.


Message History

The bolt of electricity hits you!
There is an entrance to Juhuir's Distillery here.
The electric eel shoots out a bolt of lightning at you!
The bolt of electricity hits you!
You feel threatened and lose the ability to drink potions!
* * * LOW HITPOINT WARNING * * *
The electric eel shoots out a bolt of lightning at you!
The bolt of electricity hits you.
* * * LOW HITPOINT WARNING * * *
Unknown command.
Okay, then.
Unknown command.
You cannot drink potions in your current state!
Unknown command.
Unknown command.
Unknown command.
Okay, then.
Unknown command.
Unknown command.
Aiming: Mindburst
Press: ? - help, Shift-Dir - straight line, f/p - electric eel
Aim: an electric eel (water, moderately wounded, chance to affect: 72%)
The electric eel's mind is blasted!
The electric eel shoots out a bolt of lightning at you!
The bolt of electricity hits you.
* * * LOW HITPOINT WARNING * * *
Unknown command.
Aiming: Mindburst
Press: ? - help, Shift-Dir - straight line, f/p - electric eel
Aim: an electric eel (water, almost dead, chance to affect: 72%)
The electric eel struggles to resist.
Unknown command.
Aiming: Mindburst
Press: ? - help, Shift-Dir - straight line, f/p - electric eel
Aim: an electric eel (water, almost dead, chance to affect: 72%)
The electric eel's mind is blasted!
The electric eel shoots out a bolt of lightning at you!
The bolt of electricity hits the electric eel.
The electric eel completely resists.
The bolt of electricity hits you!
You die...

##..#........##.#
....####.#.).##.#### #
.#..####.##...)..≈≈#.#
.#.......######.#≈≈#.#
.##.# #### #))≈≈..#
..>.# ##.≈≈.##
.###.... #.≈≈.# .# ..
♣♣♣.≈≈.♣♣♣ .# #..
♣..@≈≈...♣ .# ..
♣.∩.≈≈.♣.♣ ## .o
♣...≈≈...♣ ####.###
♣.⌠....∩.♣ #.......
♣...S≈...♣ #.##...#
♣.∩.S≈.♣.♣ #
#.##...####♣...≈≈...♣
#
#.##......#♣♣♣.≈≈.♣♣♣
# #.###..#..### .≈≈.#


You could see 2 electric eels.

Vanquished Creatures
  A wyvern (D:7)
  5 yaks (D:9)
  2 black bears (D:5)
  An ice beast (D:6)
  A sky beast (D:6)
  2 ogres
  Blork the orc (D:5)
  A kobold brigand (D:8)
  4 bullfrogs
  2 scorpions (D:5)
  5 wights (D:7)
  3 killer bees (D:7)
  A jelly (D:6)
  2 hounds
  A gnoll bouda (D:10)
  4 orc priests
  3 iguanas
  3 orc wizards
  8 adders
  13 gnolls
  2 ufetubi
  2 worms
  2 dart slugs
  14 orcs
  5 endoplasms
  3 giant cockroaches
  3 goblins
  6 hobgoblins
  A quokka (D:3)
  4 ball pythons
  6 bats
  6 frilled lizards
  10 kobolds
  3 rats
130 creatures vanquished.

Notes
Turn   | Place    | Note
-------+----------+-------------------------------------------
     0 | D:1      | ryw the Demonspawn Monk began the quest for the Orb.
     0 | D:1      | Reached XP level 1. HP: 18/18 MP: 1/1
   101 | D:1      | Discovered your monstrous ancestry.
   101 | D:1      | Gained mutation: You have sharp fingernails. [demonic
                  | ancestry]
   101 | D:1      | Reached XP level 2. HP: 17/24 MP: 2/2
   160 | D:1      | Found a faded altar of an unknown god.
   419 | D:1      | Reached skill level 3 in Unarmed Combat
   862 | D:2      | Reached XP level 3. HP: 24/29 MP: 3/3
  1750 | D:3      | Reached skill level 4 in Unarmed Combat
  1968 | D:3      | Gained mutation: You have very sharp fingernails. [demonic
                  | ancestry]
  1968 | D:3      | Reached XP level 4. HP: 36/36 MP: 4/4
  2586 | D:4      | Noticed a bullfrog
  2593 | D:4      | Killed a bullfrog
  2594 | D:4      | Reached skill level 5 in Unarmed Combat
  2594 | D:4      | Gained mutation: A meltable shield of frost defends you.
                  | (SH +4) [demonic ancestry]
  2594 | D:4      | Reached XP level 5. HP: 37/41 MP: 5/5
  2917 | D:4      | Gained mutation: You have a pair of small horns on your
                  | head. [demonic ancestry]
  2917 | D:4      | Reached XP level 6. HP: 37/48 MP: 6/6
  3219 | D:4      | Found a staircase to the Ecumenical Temple.
  3229 | Temple   | Entered the Ecumenical Temple
  3229 | Temple   | Found a transporter.
  3229 | Temple   | Found a transporter.
  3231 | Temple   | Found a transporter.
  3231 | Temple   | Found a transporter.
  3322 | D:4      | Identified 2 scrolls of acquirement
  3322 | D:4      | Acquired 263 gold pieces
  3323 | D:4      | Acquired 875 gold pieces
  3326 | D:5      | Entered Level 5 of the Dungeon
  3332 | D:5      | Reached skill level 1 in Throwing
  3332 | D:5      | Reached skill level 6 in Unarmed Combat
  3432 | D:5      | Noticed Blork the orc
  3492 | D:5      | Reached XP level 7. HP: 36/54 MP: 7/7
  3874 | D:5      | Gained mutation: You occasionally lose the ability to drink
                  | potions when taking damage. [potion of mutation]
  3874 | D:5      | Gained mutation: You are partially covered in large bone
                  | plates. (SH +4) [potion of mutation]
  3874 | D:5      | Gained mutation: Your system is resistant to poisons.
                  | (rPois) [potion of mutation]
  3903 | D:5      | Killed Blork the orc
  4124 | D:5      | Reached skill level 7 in Unarmed Combat
  4449 | D:6      | Reached skill level 5 in Fighting
  4517 | D:6      | Reached XP level 8. HP: 62/62 MP: 8/8
  5139 | D:6      | Reached skill level 8 in Unarmed Combat
  5292 | D:7      | You fall into a shaft and drop 3 floors!
  5292 | D:10     | Entered Level 10 of the Dungeon
  5537 | D:9      | Reached skill level 9 in Unarmed Combat
  5537 | D:9      | Gained mutation: You have large cloven feet. [demonic
                  | ancestry]
  5537 | D:9      | Reached XP level 9. HP: 41/71 MP: 9/9
  5632 | D:9      | Found Kyisie's Weapon Boutique.
  5662 | D:9      | Noticed a two-headed ogre
  5727 | D:8      | Identified the +0 leather armour of the Cockroach {rF+++
                  | rC+ Int-3 Dex+3}
  6254 | D:7      | Found Juhuir's Distillery.
  6254 | D:7      | Found Faiczu Mito's Assorted Antiques.
  6326 | D:7      | Found Nanguny's Armour Boutique.
  6337 | D:7      | Killed from afar by an electric eel

Illustrated notes

Levels and vault maps discovered:
D:1:      heliophobic_arrival_dark_side_of_the_moon, layout_basic,
          ebering_ecumenical_altar_sacrificial, minmay_pentomino_o4
D:2:      minmay_evil_eye, layout_rooms
D:3:      layout_loops_corners
D:4:      layout_rooms, minmay_temple_entry_poolview
D:5:      layout_gridville, grunt_decor_arrowhead, uniq_blork_the_orc
D:6:      layout_loops_ring
D:7:      layout_loops_cross, pdpol_wu_jian_five_deadly_venoms,
          nicolae_wooded_promenade
D:8:      layout_layer_cave, due_unseen_surprise
D:9:      layout_roguey, nicolae_overflow_quartered_altars,
          chequers_temple_overflow_statue_of_worship,
          kennysheep_orc_monster_closet_entryway, serial_shops, shop,
          nicolae_shop_behind_doors, nicolae_shop_waterfront, shop_fountains,
          nicolae_shop_statue_plus
D:10:     layout_stronghold, lair_entry_dummy, serial_shops, shop,
          nicolae_diode_basic
Temple:   hellmonk_temple_divided_pantheon

Skill      XL: |  1  2  3  4  5  6  7  8  9 |
---------------+----------------------------+-----
Unarmed Combat | 3 4 5 6 7 9 |  9.9
Throwing       | 1 3 |  3.0
Fighting       | 4 5 6 7 |  7.1
Dodging        | 3 4 |  4.5
Stealth        | |  1.7

Action                   |  1- 3 |  4- 6 |  7- 9 || total
-------------------------+-------+-------+-------++-------
Melee: Unarmed           |   133 |   121 |   202 ||   456
       Punch             |     3 |     7 |     9 ||    19
       Headbutt          |       |     9 |    50 ||    59
       Kick              |       |       |    22 ||    22
Throw: Boomerang         |       |     8 |    19 ||    27
Evoke: Wand              |       |       |     3 ||     3
  Use: Scroll            |    10 |     2 |     6 ||    18
       Potion            |       |     1 |     4 ||     5
 Stab: Sleeping          |     3 |     1 |     2 ||     6
Armor: Ring mail         |    35 |    29 |     2 ||    66
       Robe              |     5 |       |       ||     5
       Skin              |       |       |    18 ||    18
       Leather armour    |       |       |    46 ||    46
Dodge: Dodged            |    62 |    56 |    79 ||   197
Block: Other             |       |    17 |    54 ||    71

Table legend: (Time is in decaauts)
 A = Elapsed time spent in this place.
 B = Non-inter-level travel time spent in this place.
 C = Inter-level travel time spent in this place.
 D = Time resting spent in this place.
 E = Time spent auto-exploring this place.
 F = Levels seen in this place.
 G = Mean time per level.
                   A        B        C        D        E       F      G
               +--------+--------+--------+--------+--------+-----+--------+
         Total |   6296 |   6045 |    251 |   1075 |   3529 |  11 |  572.4 |
       Dungeon |   6231 |   5992 |    239 |   1075 |   3528 |  10 |  623.1 |
        Temple |     65 |     53 |     12 |      0 |      1 |   1 |   65.0 |
               +--------+--------+--------+--------+--------+-----+--------+

Top non-repeatable levels by time:
     D:5: 1079 daAuts
     D:3: 1052 daAuts
     D:6: 1032 daAuts
     D:1: 803 daAuts
     D:4: 779 daAuts
     D:2: 612 daAuts
     D:7: 424 daAuts
     D:9: 203 daAuts
    D:10: 201 daAuts
  Temple: 65 daAuts
     D:8: 42 daAuts
